 Dungeon Crawl Stone Soup version 0.19-a0-1654-g9d3f708 (webtiles) character file.

142 Amnesiac the Charlatan (level 5, 0/37 HPs)
             Began as a Mummy Artificer on Sept 21, 2016.
             Slain by an orc
             ... wielding a +0 whip
              (6 damage)
             ... on level 3 of the Dungeon.
             The game lasted 00:04:13 (2520 turns).

Amnesiac the Charlatan (Mummy Artificer)            Turns: 2520, Time: 00:04:14

Health: 0/37       AC:  5    Str: 15    XL:     5   Next: 4%
Magic:  8/8        EV: 11    Int: 11    God:
Gold:   29         SH:  0    Dex: 13    Spells: 0 memorised, 4 levels left

rFire  x . .     SeeInvis .     w - +0 short sword
rCold  + . .     Gourm    .     i - +0 ring mail (curse)
rNeg   + + +     Faith    .     (no shield)
rPois  ∞         Spirit   .     (no helmet)
rElec  .         Dismiss  .     (no cloak)
rCorr  .         Reflect  .     (no gloves)
MR     .....     Harm     .     (no boots)
Stlth  +.........               (no amulet)
                                (no ring)
                                (no ring)

@: no status effects
A: no food or potions, fire vulnerability, cold resistance 1, negative energy
resistance 3, torment resistance, unbreathing
a: no special abilities


You were on level 3 of the Dungeon.
You were not hungry.

You visited 1 branch of the dungeon, and saw 4 of its levels.

You collected 29 gold pieces.

Inventory:

Hand Weapons
 e - a +0 blowgun
 w - a +0 short sword (weapon)
Missiles
 f - 5 poisoned needles
Armour
 i - a cursed +0 ring mail (worn)
Wands
 a - a wand of paralysis (0/24)
 b - a wand of random effects (15/48)
 c - a wand of flame (5/48)
 d - a wand of enslavement (14/24)
Scrolls
 g - 2 scrolls of remove curse
 h - 3 scrolls of teleportation {unknown}
 j - a scroll of identify {unknown}
 k - 2 scrolls of blinking {unknown}
 l - a scroll of recharging {unknown}


   Skills:
 - Level 1.0 Fighting
 - Level 0.7 Short Blades
 - Level 1.5 Dodging
 - Level 0.7 Stealth
 + Level 4.8 Evocations


You had 4 spell levels left.
You didn't know any spells.

Dungeon Overview and Level Annotations

Branches:
Dungeon (4/15)
 Temple: D:4-7

Altars:


Innate Abilities, Weirdness & Mutations

You do not eat or drink.
Your flesh is vulnerable to fire.
You are immune to poison.
Your flesh is cold resistant. (rC+)
You are immune to negative energy. (rN+++)
You are immune to unholy pain and torment.
You can survive without breathing.


Message History

You hit the orc but do no damage. The orc closely misses you.
You hit the orc.
The orc is moderately wounded.
The orc hits you with a whip.
* * * LOW HITPOINT WARNING * * *
You barely miss the orc.
The orc is lightly wounded.
The orc closely misses you.
You closely miss the orc.
The orc is lightly wounded.
The orc hits you but does no damage.
You hit the orc.
The orc is moderately wounded.
The orc hits you with a whip.
* * * LOW HITPOINT WARNING * * *
You hit the orc.
The orc is heavily wounded.
The orc hits you with a whip.
You die...

..##.# #†.%)....# ..##.#
#........# .....#.#
#........# )..).#.#
#........# ##.).#.#
#........# ###.#.#
#........# #.#.#
#........# #.#.#
#....).>.#
####.#.#######K#@##
...#.#........o#o###[###
............##.#og......
................K.......
.............#.##.[.....
......(......#.# .......
...#.........#.# .......
...###########.# .......
..... ... .......


You could see 2 orcs, a hobgoblin and a kobold.

Vanquished Creatures
  A scorpion (D:4)
  An iguana (D:4)
  An adder (D:3)
  A gnoll (D:4)
  2 worms (D:2)
  An orc (D:4)
  A ball python (D:1)
  A giant cockroach (D:1)
  6 goblins
  10 hobgoblins
  3 kobolds
  A quokka (D:4)
  3 bats (D:1)
  2 frilled lizards
  A leopard gecko skeleton (D:2)
  A quokka zombie (D:2)
  4 rats
40 creatures vanquished.

Vanquished Creatures (collateral kills)
  An orc (D:3)
1 creature vanquished.

Vanquished Creatures (others)
  An orc wizard (D:3)
1 creature vanquished.

Grand Total: 42 creatures vanquished

Notes
Turn   | Place    | Note
-------+----------+-------------------------------------------
     0 | D:1      | Amnesiac the Mummy Artificer began the quest for the Orb.
     0 | D:1      | Reached XP level 1. HP: 15/15 MP: 2/2
   195 | D:1      | Reached XP level 2. HP: 17/21 MP: 4/4
   328 | D:1      | Reached skill level 3 in Evocations
  1231 | D:1      | Reached XP level 3. HP: 25/26 MP: 5/5
  1812 | D:4      | Noticed a scorpion
  1828 | D:4      | Reached skill level 4 in Evocations
  1828 | D:4      | Reached XP level 4. HP: 8/32 MP: 5/7
  1831 | D:4      | HP: 1/32 [scorpion (4)]
  2339 | D:3      | Reached XP level 5. HP: 13/37 MP: 8/8
  2520 | D:3      | Slain by an orc

Vault maps used:
D:1:      lightli_arrival_lavapool, corexii_item_surrounded_by_moat
D:2:      nicolae_tso_swordbearing_angel, serial_undead, serial_undead_b,
          serial_undead_f, serial_undead_d, serial_undead_e, serial_undead_e,
          serial_undead_b, serial_undead_b, nemelex_dance_club_becter,
          uniq_crazy_yiuf_cottage
D:3:      first_bread, st_stairs_4
D:4:      grunt_temple_overflow_gold_and_silver

Skill      XL: |  1  2  3 |
---------------+----------+-----
Evocations     | 3 4 |  4.8
Fighting       | |  1.0
Short Blades   | |  0.7
Dodging        | |  1.5
Stealth        | |  0.7

Action                   |  1- 3 |  4- 6 || total
-------------------------+-------+-------++-------
Melee: Dagger            |    15 |       ||    15
       Short sword       |    70 |    23 ||    93
 Fire: Blowgun           |    62 |    19 ||    81
Evoke: Wand              |       |    12 ||    12
  Use: Scroll            |     1 |       ||     1
Armor: Leather armour    |    20 |       ||    20
       Ring mail         |    19 |     4 ||    23
Dodge: Dodged            |    81 |    18 ||    99
